 Dungeon Crawl Stone Soup version 0.30.0-30-g96aa6591b8 (webtiles) character file.

Game seed: 1898498263994970311

3609 Arctor the Conjurer (level 10, -4/58 HPs)
             Began as a Gargoyle Conjurer on June 27, 2023.
             Was a Believer of Vehumet.
             Slain by an orc warrior
             ... wielding a +0 war axe
              (9 damage)
             ... on level 8 of the Dungeon.
             The game lasted 00:16:55 (8257 turns).

Arctor the Conjurer (Gargoyle Conjurer)             Turns: 8257, Time: 00:16:55

Health: -4/58      AC: 10    Str: 14    XL:     10   Next: 11%
Magic:  27/27      EV: 13    Int: 23    God:    Vehumet [**....]
Gold:   347        SH:  0    Dex: 11    Spells: 5/20 levels left

rFire   + + +        k - +4 spear "Wyozeul" {venom, rF++ Str+3 Stlth+}
rCold   . . .        (no shield)
rNeg    + + .        a - +0 robe
rPois   ∞            (no helmet)
rElec   +            C - +0 cloak {rPois}
rCorr   .            (no gloves)
SInv    .            (no boots)
Will    .....        n - amulet of faith
Stlth   +++          E - ring "Juam" {rF+ rN+ MP+9 Dex+3 Stlth-}
HPRegen 0.29/turn    (no ring)
MPRegen 0.20/turn

%: faith
@: no status effects
A: sickness immunity, AC +7, negative energy resistance 1, electricity
resistance, torment resistance 1, petrification resistance
a: Renounce Religion


You were on level 8 of the Dungeon.
You worshipped Vehumet.
Vehumet was pleased with you.
You visited 2 branches of the dungeon, and saw 9 of its levels.

You collected 347 gold pieces.

Inventory:

Hand Weapons
 b - a +0 dagger
 k - the +4 spear "Wyozeul" (weapon) {venom, rF++ Str+3 Stlth+}
   (You found it on level 2 of the Dungeon)

   Str:       It affects your strength (+3).
   rF:        It greatly protects you from fire.
   Stlth:     It makes you more stealthy.
Missiles
 g - 8 javelins
Armour
 a - a +0 robe (worn)
 h - a scarf of invisibility
 C - a +0 cloak of poison resistance (worn)
Magical Staves
 f - a staff of cold
 j - a staff of air
Jewellery
 n - an amulet of faith (around neck)
 E - the ring "Juam" (left hand) {rF+ rN+ MP+9 Dex+3 Stlth-}
   (You found it on level 7 of the Dungeon)

   [ring of protection from fire]

   Dex:       It affects your dexterity (+3).
   rF:        It protects you from fire.
   rN:        It protects you from negative energy.
   MP:        It affects your magic capacity (+9).
   Stlth:     It makes you less stealthy.
Wands
 d - a wand of roots (25)
 u - a wand of mindburst (1)
 y - a wand of polymorph (7)
 A - a wand of flame (24)
Scrolls
 c - 3 scrolls of immolation
 e - a scroll of noise
 l - a scroll of fear {unknown}
 m - 2 scrolls of identify
 o - a scroll of enchant armour {unknown}
 r - 2 scrolls of vulnerability {unknown}
 t - a scroll of poison {unknown}
 F - 3 scrolls of butterflies {unknown}
Potions
 i - 2 potions of cancellation
 p - a potion of attraction
 q - 3 potions of might
 s - a potion of brilliance
 v - 3 potions of heal wounds {unknown}
 w - 2 potions of resistance {unknown}
 x - 2 potions of haste
 z - 2 potions of mutation {unknown}
 B - 2 potions of lignification {unknown}


   Skills:
 - Level 4.7 Fighting
 - Level 3.7 Polearms
 + Level 4.9 Dodging
 - Level 5.8 Stealth
 + Level 5.5 Spellcasting
 + Level 7.7 Conjurations
 + Level 2.7 Translocations
 + Level 3.9 Air Magic
 + Level 1.9 Evocations


You had 5 spell levels left.
You knew the following spells:

 Your Spells              Type           Power      Damage    Failure   Level
a - Magic Dart            Conj           100%       1d8       1%          1
b - Searing Ray           Conj           82%        2d7       1%          2
c - Dazzling Flash        Conj/Hex       48%        N/A       5%          3
d - Arcjolt               Conj/Air       16%        1d26      22%         5
e - Vhi's Electric Charg  Tloc/Air       42%        N/A       7%          3
f - Shock                 Conj/Air       100%       1d9       1%          1

Your spell library contained the following spells:

 Spells                   Type           Power      Damage    Failure   Level
 Inner Flame              Hex/Fire       6%         N/A       26%         3
 Lesser Beckoning         Tloc           38%        N/A       4%          2
 Mephitic Cloud           Conj/Pois/Air  24%        N/A       5%          3
 Gell's Gravitas          Tloc           19%        N/A       9%          3
 Teleport Other           Tloc           19%        N/A       9%          3
 Iskenderun's Mystic Bla  Conj/Tloc      30%        2d8       11%         4
 Call Imp                 Summ           12%        N/A       14%         2
 Fulminant Prism          Conj/Hex       12%        3d9       19%         4
 Maxwell's Capacitive Co  Air            12%        ∞         100%        8


Dungeon Overview and Level Annotations

Branches:
Dungeon (8/15)             Temple (1/1) D:5
   Lair: D:8-11

Altars:
Cheibriados
Elyvilon
Fedhas
Gozag
Hepliaklqana
Kikubaaqudgha
Makhleb
Okawaru
Qazlal
Ru
Trog
Uskayaw
Vehumet
Yredelemnul
Zin

Shops:
D:5 !

Annotations:
D:7 Joseph


Innate Abilities, Weirdness & Mutations

You are immune to sickness and miasma.
Your stone body is resilient. (AC +7)
You are immune to poison.
You resist negative energy. (rN+)
You are resistant to electric shocks. (rElec)
You are resistant to unholy torment.
You are immune to petrification.


Message History

You kill the orc!
Vehumet accepts your kill.
Items here: )) [ ††.
You start resting.
An orc warrior comes into view. It is wielding a +0 war axe.
An orc warrior is nearby!
An orc warrior is nearby!
The orc warrior shouts!
You hear a shout!
You hit the orc warrior.
The orc warrior is poisoned.
The orc warrior is lightly wounded.
The orc warrior hits you with a +0 war axe!
You hit the orc warrior.
The orc warrior looks even sicker.
The orc warrior is lightly wounded.
The orc warrior hits you with a +0 war axe!
You are too injured to fight recklessly!
An orc priest comes into view. It is wielding a +0 dagger.
Items here: )) [ ††.
The orc warrior attacks as you move away!
The orc warrior misses you.
The orc warrior attacks as you move away!
The orc warrior misses you.
The orc warrior attacks as you move away!
The orc warrior hits you with a +0 war axe.
The orc warrior attacks as you move away!
The orc warrior hits you with a +0 war axe!
* * * LOW HITPOINT WARNING * * *
You barely miss the orc warrior.
The orc warrior is heavily wounded.
The orc warrior hits you but does no damage.
The orc warrior attacks as you move away!
The orc warrior misses you.
You hit the orc warrior but do no damage.
The orc warrior is severely wounded.
The orc warrior hits you with a +0 war axe!
* * * LOW HITPOINT WARNING * * *
The orc warrior attacks as you move away!
The orc warrior misses you.
The orc warrior attacks as you move away!
The orc warrior hits you with a +0 war axe!
You die...

..# ♣♣♣♣...o...♣♣♣♣# ..#
♣♣.....♣♣ ..# ###♣.♣#####
..# ♣...♣♣ ♣..♣♣ ..# ♣.♣o♣
♣.♣.♣# .## ♣.♣.♣♣♣♣.♣♣.#
.## ..♣♣.♣.♣♣)♣♣# ..# ♣♣♣
♣o.♣...♣ ..# ######♣@♣#####
.<# #♣...♣♣...♣♣[ ..#
#.♣♣♣..♣♣♣..♣ ..# #.♣ ♣..♣
..♣ ..# #.♣♣♣..♣♣♣..♣
.########♣...♣♣...♣♣.
.......#########)########.#
###...#.......÷.))........#
+ #.!....##########.......#


You could see an orc warrior (poisoned) and an orc priest.

Vanquished Creatures
  An unseen horror (D:7)
  A wyvern (D:8)
  Eustachio (D:6)
  A fire bat (shapeshifter) (D:8)
  2 steam dragons (D:8)
  Menkaure (D:6)
  A water moccasin (D:8)
  An orc warrior (D:8)
  A sky beast (D:8)
  2 black bears
  2 ice beasts
  A centaur (D:8)
  A phantom (D:7)
  A kobold brigand (D:8)
  A bullfrog (D:7)
  3 scorpions
  6 killer bees (D:8)
  3 hounds
  Crazy Yiuf (D:6)
  2 jellies (D:6)
  6 orc priests
  2 sleepcaps
  3 gnoll boudas
  4 iguanas
  Natasha (thrice) (D:2)
  6 orc wizards
  Terence (D:3)
  13 gnolls
  8 adders
  A shadow imp (D:8)
  4 white imps
  An ufetubus (D:6)
  A worm (D:3)
  4 dart slugs
  30 orcs
  7 endoplasms
  A giant cockroach (D:2)
  7 hobgoblins
  2 jackals (D:4)
  7 kobolds
  3 quokkas
  5 ball pythons
  7 bats
  2 frilled lizards (D:1)
  7 goblins
  6 rats
174 creatures vanquished.

Notes
Turn   | Place    | Note
-------+----------+-------------------------------------------
     0 | D:1      | Arctor the Gargoyle Conjurer began the quest for the Orb.
     0 | D:1      | Reached XP level 1. HP: 10/10 MP: 3/3
   213 | D:1      | Reached XP level 2. HP: 4/16 MP: 0/5
   447 | D:1      | Reached skill level 1 in Fighting
   537 | D:1      | Reached XP level 3. HP: 20/20 MP: 3/6
   896 | D:1      | Found a faded altar of an unknown god.
  1283 | D:2      | Identified the +4 spear "Wyozeul" {venom, rF++ Str+3
                  | Stlth+}
  1457 | D:2      | Noticed Natasha
  1474 | D:2      | Killed Natasha
  1475 | D:2      | Reached XP level 4. HP: 2/25 MP: 1/7
  1745 | D:2      | Noticed Natasha
  1752 | D:2      | Killed Natasha
  2073 | D:2      | Noticed Natasha
  2078 | D:2      | Killed Natasha
  2079 | D:2      | Reached XP level 5. HP: 18/30 MP: 7/9
  2296 | D:3      | Found an iron altar of Okawaru.
  2358 | D:3      | Noticed Terence
  2387 | D:2      | Learned a level 2 spell: Searing Ray
  2391 | D:2      | Learned a level 3 spell: Dazzling Flash
  2673 | D:3      | Reached skill level 5 in Conjurations
  2729 | D:3      | Killed Terence
  2730 | D:3      | Reached skill level 1 in Polearms
  3103 | D:4      | Reached XP level 6. HP: 27/35 MP: 10/10
  4188 | D:5      | Entered Level 5 of the Dungeon
  4242 | D:5      | Reached XP level 7. HP: 37/40 MP: 11/11
  4386 | D:5      | Found a hide-covered altar of Uskayaw.
  4426 | D:5      | Found a staircase to the Ecumenical Temple.
  4692 | D:5      | Found Ceremirgh's Distillery.
  4750 | D:5      | Reached skill level 1 in Air Magic
  5004 | Temple   | Entered the Ecumenical Temple
  5195 | Temple   | Became a worshipper of Vehumet
  5298 | D:6      | Noticed Menkaure
  5307 | D:6      | Killed Menkaure
  5308 | D:6      | Reached XP level 8. HP: 13/46 MP: 5/13
  5597 | D:6      | Reached skill level 6 in Conjurations
  5644 | D:6      | Noticed Eustachio
  5653 | D:6      | Killed Eustachio
  5654 | D:6      | Reached skill level 5 in Stealth
  5706 | D:6      | Found a runed translucent door.
  5707 | D:6      | Noticed Crazy Yiuf
  5803 | D:6      | Reached * piety under Vehumet
  5803 | D:6      | Offered knowledge of Freeze by Vehumet.
  6199 | D:6      | Killed Crazy Yiuf
  6709 | D:7      | Reached XP level 9. HP: 52/52 MP: 15/15
  6740 | D:7      | Identified the ring "Juam" {rF+ rN+ MP+9 Dex+3 Stlth-}
  6879 | D:7      | Noticed Joseph
  6895 | D:7      | Killed an unseen horror
  7000 | D:8      | Learned a level 5 spell: Arcjolt
  7004 | D:8      | Learned a level 3 spell: Vhi's Electric Charge
  7178 | D:8      | Reached ** piety under Vehumet
  7189 | D:8      | Offered knowledge of Shock by Vehumet.
  7213 | D:8      | Learned a level 1 spell: Shock
  7233 | D:8      | Reached skill level 1 in Translocations
  7249 | D:8      | Reached skill level 7 in Conjurations
  7451 | D:8      | Reached skill level 5 in Spellcasting
  7478 | D:8      | HP: 1/52 [orc warrior/+0 hand axe (5)]
  7918 | D:8      | Reached skill level 1 in Evocations
  7973 | D:8      | Offered knowledge of Inner Flame by Vehumet.
  7987 | D:8      | Reached XP level 10. HP: 46/58 MP: 18/18
  8257 | D:8      | Slain by an orc warrior

Illustrated notes

Levels and vault maps discovered:
D:1:      eino_arrival_water_cross, layout_loops_ring,
          shapermc_ecumenical_altar_mp_ritualfount, minmay_hexomino_p4
D:2:      layout_basic, uniq_natasha
D:3:      layout_basic, mainiacjoe_overflow_paths, uniq_terence
D:4:      layout_basic, glass_columns_b, kennysheep_generic_room_12
D:5:      layout_basic, nicolae_uskayaw_murder_on_the_dancefloor,
          minmay_temple_entry_arrows, serial_shops, shop
D:6:      layout_rooms, uniq_crazy_yiuf_cottage, uniq_menkaure, uniq_eustachio
D:7:      layout_basic, chequers_serial_rivers_micro_e, minmay_microvault,
          uniq_joseph
D:8:      nzn_winding_woodlands_three_and_one
          [nzn_winding_woodlands_5x15_zeroes, nzn_winding_woodlands_5x15_jagged,
          nzn_winding_woodlands_5x15_garden,
          nzn_winding_woodlands_center_triple_pond], layout_basic,
          enter_bailey_2, serial_glass, glass_columns_a, glass_columns_c,
          minmay_misc_feat_x
Temple:   mainiacjoe_temple_cubbyholes

Skill      XL: |  1  2  3  4  5  6  7  8  9 |
---------------+----------------------------+-----
Fighting       | 1 2 3 4 |  4.7
Dodging        | 2 3 4 |  4.9
Stealth        | 3 4 5 |  5.8
Conjurations   | 5 6 7 |  7.7
Polearms       | 1 2 3 |  3.7
Spellcasting   | 3 4 5 |  5.5
Air Magic      | 1 2 3 |  3.9
Translocations | 2 |  2.7
Evocations     | 1 |  1.9

Action                     |  1- 3 |  4- 6 |  7- 9 | 10-12 || total
---------------------------+-------+-------+-------+-------++-------
  Melee: Unarmed           |    18 |       |       |       ||    18
         Dagger            |     8 |       |       |       ||     8
         Staff             |    45 |       |       |       ||    45
         Spear             |    11 |   130 |   376 |    33 ||   550
         Punch             |     1 |     1 |     7 |     1 ||    10
   Cast: Magic Dart        |    51 |    14 |       |       ||    65
         Searing Ray       |       |     1 |     3 |       ||     4
    Use: Potion            |     4 |       |     8 |       ||    12
         Scroll            |       |     1 |     7 |       ||     8
   Stab: Sleeping          |     2 |    10 |    13 |     1 ||    26
         Distracted        |       |       |     1 |       ||     1
 Armour: Robe              |    38 |    20 |   122 |    13 ||   193
  Dodge: Dodged            |    99 |    55 |   220 |    19 ||   393
